TOP OF THE 1ST |
Brinkley Belugas batting - Pitching for Sunset District Fog : LHP Manny Burgos
|
Pitching: LHP Manny Burgos
|
|
Batting: LHB Ramón Garmendia
|
0-0: Called Strike 0-1: Called Strike 0-2: Ball 1-2: Foul Ball, location: 2F 1-2: SINGLE (Groundball, 4MD, EV 108.8 MPH)
|
Batting: SHB Vicente Romero
|
0-0: Called Strike 0-1: Foul Ball, location: 2F 0-2: Ball 1-2: Fielders Choice at 2nd, 5-4 (Groundball, 56, EV 105.6 MPH)
|
Batting: RHB Noah Bushby
|
0-0: Ball 1-0: Ball 2-0: Swinging Strike 2-1: Ball 3-1: DOUBLE (Line Drive, 8RXD, EV 103.1 MPH) Vicente Romero to third Runner from 3rd tries for Home, SAFE, throw by CF to home
|
Batting: RHB Jim MacRach
|
0-0: Ball 1-0: Called Strike 1-1: Called Strike 1-2: Foul Ball, location: 2F 1-2: Ball 2-2: Strikes out swinging
|
Batting: RHB Edgar Balerio
|
0-0: Ground out 4-3 (Groundball, 4, EV 88.8 MPH)
|
Top of the 1st over - 1 run, 2 hits, 0 errors, 1 left on base; Brinkley 1 - Sunset District 0 |
BOTTOM OF THE 1ST |
Sunset District Fog batting - Pitching for Brinkley Belugas : RHP John Núñes
|
Pitching: RHP John Núñes
|
|
Batting: RHB Michael Hughes
|
0-0: Ball 1-0: Foul Ball, location: 2F 1-1: Called Strike 1-2: Ball 2-2: Ball 3-2: Base on Balls
|
Batting: RHB Jim McMahon
|
0-0: Ball 1-0: Ball 2-0: Ball 3-0: Called Strike 3-1: Base on Balls Michael Hughes to second
|
Batting: RHB Cornelius Adkison
|
0-0: Ball 1-0: Foul Ball, location: 2F 1-1: Grounds into double play, 6-4-3 (Groundball, 6, EV 98.8 MPH) Michael Hughes to third
|
Batting: SHB Cecil Nelson
|
0-0: Ball 1-0: Ball 2-0: Ball 3-0: Base on Balls
|
Batting: RHB Vonne Navarrete
|
0-0: Called Strike 0-1: Ball 1-1: Ball 2-1: Called Strike 2-2: Ball 3-2: Foul Ball, location: 2F 3-2: Strikes out swinging
|
Bottom of the 1st over - 0 runs, 0 hits, 0 errors, 2 left on base; Brinkley 1 - Sunset District 0 |
TOP OF THE 2ND |
Brinkley Belugas batting - Pitching for Sunset District Fog : LHP Manny Burgos
|
Batting: LHB Calvin Wilms
|
0-0: Called Strike 0-1: Called Strike 0-2: Ball 1-2: Ground out 4-3 (Groundball, 34D, EV 106.9 MPH)
|
Batting: RHB Eikki Kankaanperä
|
0-0: SINGLE (Flyball, 78M, EV 82.5 MPH)
|
Batting: LHB Travis Towns
|
0-0: Called Strike 0-1: Ball 1-1: Called Strike Eikki Kankaanperä steals 2nd base 1-2: Fly out, F7 (Flyball, 7, EV 88.8 MPH)
|
Batting: LHB Luis García
|
0-0: Ball 1-0: Called Strike 1-1: Swinging Strike 1-2: Ball 2-2: Strikes out swinging
|
Top of the 2nd over - 0 runs, 1 hit, 0 errors, 1 left on base; Brinkley 1 - Sunset District 0 |
BOTTOM OF THE 2ND |
Sunset District Fog batting - Pitching for Brinkley Belugas : RHP John Núñes
|
Batting: RHB Doug Becker
|
0-0: Foul Ball, location: 2F 0-1: Ball 1-1: SINGLE (Groundball, 6S, EV 66.2 MPH) (infield hit)
|
Batting: RHB Reynaldo Torres
|
0-0: Called Strike 0-1: Ball 1-1: Called Strike 1-2: Foul Ball, location: 2F 1-2: Grounds into double play, 4-6-3 (Groundball, 4, EV 93.1 MPH)
|
Batting: RHB Stock Tonports
|
0-0: Called Strike 0-1: Foul Ball, location: 2F 0-2: Strikes out swinging
|
Bottom of the 2nd over - 0 runs, 1 hit, 0 errors, 0 left on base; Brinkley 1 - Sunset District 0 |
TOP OF THE 3RD |
Brinkley Belugas batting - Pitching for Sunset District Fog : LHP Manny Burgos
|
Batting: LHB Ramón Garmendia
|
0-0: Called Strike 0-1: Swinging Strike 0-2: Ball 1-2: Ground out 4-3 (Groundball, 4, EV 81.9 MPH)
|
Batting: SHB Vicente Romero
|
0-0: Called Strike 0-1: Swinging Strike 0-2: SINGLE (Line Drive, 34D, EV 94.4 MPH)
|
Batting: RHB Noah Bushby
|
0-0: Called Strike 0-1: Ball Pickoff Throw to First - Error! E1 Vicente Romero to second 1-1: Ball 2-1: Foul Ball, location: 2F 2-2: Foul Ball, location: 2F 2-2: Ground out 6-3 (Groundball, 6, EV 97.5 MPH)
|
Batting: RHB Jim MacRach
|
0-0: Ball 1-0: Ball 2-0: Ball 3-0: Called Strike 3-1: Foul Ball, location: 2F 3-2: Base on Balls
|
Batting: RHB Edgar Balerio
|
0-0: Swinging Strike 0-1: Swinging Strike 0-2: Ball 1-2: Ball 2-2: Foul Ball, location: 2F 2-2: Ball 3-2: Strikes out swinging
|
Top of the 3rd over - 0 runs, 1 hit, 1 error, 2 left on base; Brinkley 1 - Sunset District 0 |
BOTTOM OF THE 3RD |
Sunset District Fog batting - Pitching for Brinkley Belugas : RHP John Núñes
|
Batting: RHB George Hubbard
|
0-0: Ball 1-0: Called Strike 1-1: Foul Ball, location: 2F 1-2: Foul Ball, location: 2F 1-2: Fly out, F8 (Flyball, 89D, EV 90.6 MPH)
|
Batting: RHB Michael Hughes
|
0-0: Ball 1-0: Called Strike 1-1: Foul Ball, location: 2F 1-2: Ball 2-2: Strikes out swinging
|
Batting: RHB Jim McMahon
|
0-0: Ground out 6-3 (Groundball, 56, EV 84.4 MPH)
|
Bottom of the 3rd over - 0 runs, 0 hits, 0 errors, 0 left on base; Brinkley 1 - Sunset District 0 |
TOP OF THE 4TH |
Brinkley Belugas batting - Pitching for Sunset District Fog : LHP Manny Burgos
|
Batting: LHB Calvin Wilms
|
0-0: Ground out 4-3 (Groundball, 4, EV 105.6 MPH)
|
Batting: RHB Eikki Kankaanperä
|
0-0: Called Strike 0-1: SINGLE (Groundball, 15, EV 64.4 MPH) (infield hit)
|
Batting: LHB Travis Towns
|
0-0: Called Strike 0-1: Ball 1-1: Fly out, F7 (Line Drive, 7, EV 96.2 MPH)
|
Batting: LHB Luis García
|
0-0: Called Strike 0-1: Ground out 4-3 (Groundball, 4, EV 84.4 MPH)
|
Top of the 4th over - 0 runs, 1 hit, 0 errors, 1 left on base; Brinkley 1 - Sunset District 0 |
BOTTOM OF THE 4TH |
Sunset District Fog batting - Pitching for Brinkley Belugas : RHP John Núñes
|
Batting: RHB Cornelius Adkison
|
0-0: Ground out 6-3 (Groundball, 6, EV 86.9 MPH)
|
Batting: SHB Cecil Nelson
|
0-0: Hit by Pitch
|
Batting: RHB Vonne Navarrete
|
0-0: Ball 1-0: Called Strike 1-1: Fly out, F7 (Line Drive, 7, EV 85.6 MPH)
|
Batting: RHB Doug Becker
|
0-0: Ball 1-0: Swinging Strike 1-1: Ball Cecil Nelson steals 2nd base 2-1: Fly out, F9 (Flyball, 89S, EV 81.9 MPH)
|
Bottom of the 4th over - 0 runs, 0 hits, 0 errors, 1 left on base; Brinkley 1 - Sunset District 0 |
TOP OF THE 5TH |
Brinkley Belugas batting - Pitching for Sunset District Fog : LHP Manny Burgos
|
Batting: LHB Ramón Garmendia
|
0-0: Ball 1-0: SINGLE (Groundball, 23, EV 63.1 MPH) (infield hit)
|
Batting: SHB Vicente Romero
|
0-0: Called Strike 0-1: Ball 1-1: Ball 2-1: Ball 3-1: Fielders Choice at 2nd, 6-4 (Groundball, 6, EV 81.9 MPH)
|
Batting: RHB Noah Bushby
|
0-0: Ball 1-0: Foul Ball, location: 2F 1-1: Foul Ball, location: 2F 1-2: Fly out, F8 (Flyball, 89XD, EV 88.1 MPH)
|
Batting: RHB Jim MacRach
|
0-0: Ball 1-0: Called Strike 1-1: Called Strike 1-2: Foul Ball, location: 2F 1-2: Fly out, F8 (Flyball, 8RXD, EV 87.5 MPH)
|
Top of the 5th over - 0 runs, 1 hit, 0 errors, 1 left on base; Brinkley 1 - Sunset District 0 |
BOTTOM OF THE 5TH |
Sunset District Fog batting - Pitching for Brinkley Belugas : RHP John Núñes
|
Batting: RHB Reynaldo Torres
|
0-0: Called Strike 0-1: Swinging Strike 0-2: Ball 1-2: Ball 2-2: Ground out 3-1 (Groundball, 34S, EV 79.4 MPH)
|
Batting: RHB Stock Tonports
|
0-0: Ball 1-0: Ball 2-0: Swinging Strike 2-1: Fly out, F7 (Flyball, 7S, EV 90.0 MPH)
|
Batting: RHB George Hubbard
|
0-0: Called Strike 0-1: Ball 1-1: Foul Ball, location: 2F 1-2: SINGLE (Line Drive, 9S, EV 100.6 MPH)
|
Batting: RHB Michael Hughes
|
0-0: Ball 1-0: Ball 2-0: SINGLE (Groundball, 4D, EV 95.0 MPH) George Hubbard to second Runner from 2nd tries for 3rd, SAFE, throw by RF made to third
|
Batting: RHB Jim McMahon
|
0-0: Called Strike 0-1: SINGLE (Line Drive, 78M, EV 93.1 MPH) George Hubbard scores Michael Hughes to second Runner from 2nd tries for 3rd, SAFE, throw by CF made to third
|
Batting: RHB Cornelius Adkison
|
0-0: Ball Pickoff Throw to First - Out! 1-3
|
Bottom of the 5th over - 1 run, 3 hits, 0 errors, 1 left on base; Brinkley 1 - Sunset District 1 |
TOP OF THE 6TH |
Brinkley Belugas batting - Pitching for Sunset District Fog : LHP Manny Burgos
|
Batting: RHB Edgar Balerio
|
0-0: Ball 1-0: Called Strike 1-1: Fly out, F8 (Line Drive, 8LM, EV 86.2 MPH)
|
Batting: LHB Calvin Wilms
|
0-0: Called Strike 0-1: Fly out, F9 (Line Drive, 9, EV 99.4 MPH)
|
Pitching: RHP Steve Henryson
|
|
Batting: RHB Eikki Kankaanperä
|
0-0: Reached on error, E6 (Groundball, 6, EV 89.4 MPH)
|
Batting: LHB Travis Towns
|
0-0: Called Strike Eikki Kankaanperä is caught stealing 2nd base 2-6
|
Top of the 6th over - 0 runs, 0 hits, 1 error, 0 left on base; Brinkley 1 - Sunset District 1 |
BOTTOM OF THE 6TH |
Sunset District Fog batting - Pitching for Brinkley Belugas : RHP John Núñes
|
Batting: RHB Cornelius Adkison
|
0-0: Called Strike 0-1: Ball 1-1: Called Strike 1-2: Ball 2-2: Fly out, F9 (Line Drive, 9, EV 86.9 MPH)
|
Batting: SHB Cecil Nelson
|
0-0: Called Strike 0-1: Ball 1-1: Called Strike 1-2: Fly out, F9 (Flyball, 9D, EV 83.1 MPH)
|
Batting: RHB Vonne Navarrete
|
0-0: Called Strike 0-1: Ball 1-1: Ball 2-1: SINGLE (Groundball, 6MD, EV 103.8 MPH)
|
Batting: RHB Doug Becker
|
0-0: Ball 1-0: Called Strike 1-1: Foul Ball, location: 2F 1-2: Ball 2-2: Foul Ball, location: 2F 2-2: Ball 3-2: Fly out, F1 (Popup, 13, EV 90.0 MPH)
|
Bottom of the 6th over - 0 runs, 1 hit, 0 errors, 1 left on base; Brinkley 1 - Sunset District 1 |
TOP OF THE 7TH |
Brinkley Belugas batting - Pitching for Sunset District Fog : RHP Steve Henryson
|
Batting: LHB Travis Towns
|
0-0: Foul Ball, location: 2F 0-1: Ball 1-1: Ball 2-1: Foul Ball, location: 2F 2-2: Foul Ball, location: 2F 2-2: Ball 3-2: Base on Balls
|
Batting: LHB Luis García
|
0-0: Swinging Strike 0-1: Grounds into double play, 6-4-3 (Groundball, 6, EV 97.5 MPH)
|
Batting: LHB Ramón Garmendia
|
0-0: Swinging Strike 0-1: Called Strike 0-2: Ball 1-2: Ball 2-2: Strikes out swinging
|
Top of the 7th over - 0 runs, 0 hits, 0 errors, 0 left on base; Brinkley 1 - Sunset District 1 |
BOTTOM OF THE 7TH |
Sunset District Fog batting - Pitching for Brinkley Belugas : RHP John Núñes
|
Batting: RHB Reynaldo Torres
|
0-0: Ball 1-0: Foul Ball, location: 2F 1-1: Foul Ball, location: 2F 1-2: Ground out 6-3 (Groundball, 6, EV 75.6 MPH)
|
Batting: RHB Stock Tonports
|
0-0: Ball 1-0: Called Strike 1-1: Swinging Strike 1-2: Strikes out swinging
|
Batting: RHB George Hubbard
|
0-0: SINGLE (Groundball, 4S, EV 89.4 MPH) (infield hit)
|
Pitching: RHP De John Cleland
|
|
Batting: RHB Michael Hughes
|
0-0: Ground out 4-3 (Groundball, 4, EV 102.5 MPH)
|
Bottom of the 7th over - 0 runs, 1 hit, 0 errors, 1 left on base; Brinkley 1 - Sunset District 1 |
TOP OF THE 8TH |
Brinkley Belugas batting - Pitching for Sunset District Fog : RHP Steve Henryson
|
Batting: SHB Vicente Romero
|
0-0: Swinging Strike 0-1: Swinging Strike 0-2: Hit by Pitch
|
Batting: RHB Noah Bushby
|
0-0: Called Strike 0-1: SINGLE (Groundball, 6MD, EV 103.1 MPH) Vicente Romero to second Runner from 2nd tries for 3rd, SAFE, no throw by CF
|
Batting: RHB Jim MacRach
|
0-0: SINGLE (Groundball, 4MD, EV 105.6 MPH) Vicente Romero scores Noah Bushby to second Runner from 2nd tries for 3rd, SAFE, throw by CF made to third
|
Pitching: RHP Paco Garza
|
|
Batting: RHB Edgar Balerio
|
0-0: Ball 1-0: Called Strike 1-1: Ball 2-1: Ball 3-1: Base on Balls Jim MacRach to second
|
Batting: LHB Calvin Wilms
|
0-0: Ball 1-0: SINGLE (Groundball, 4M, EV 102.5 MPH) Noah Bushby scores Jim MacRach to third Edgar Balerio to second
|
Batting: RHB Eikki Kankaanperä
|
0-0: Ball 1-0: Foul Ball, location: 2F 1-1: Foul Ball, location: 2F 1-2: Ball 2-2: Fly out, F9 (Line Drive, 9LM, EV 110.6 MPH) Runner from 3rd tags up, SCORES, throw by RF
|
Batting: LHB Travis Towns
|
0-0: Ball 1-0: Called Strike 1-1: Called Strike 1-2: Foul Ball, location: 2F 1-2: Ball 2-2: Foul Ball, location: 2F 2-2: Fly out, F8 (Flyball, 78D, EV 104.4 MPH)
|
Batting: LHB Luis García
|
0-0: Ball 1-0: Swinging Strike 1-1: Called Strike 1-2: Strikes out swinging
|
Top of the 8th over - 3 runs, 3 hits, 0 errors, 2 left on base; Brinkley 4 - Sunset District 1 |
BOTTOM OF THE 8TH |
Sunset District Fog batting - Pitching for Brinkley Belugas : RHP De John Cleland
|
Batting: RHB Jim McMahon
|
0-0: Foul Ball, location: 2F 0-1: Ball 1-1: Foul Ball, location: 2F 1-2: Foul Ball, location: 2F 1-2: Strikes out swinging
|
Batting: RHB Cornelius Adkison
|
0-0: Fly out, F8 (Flyball, 8LXD, EV 92.5 MPH)
|
Batting: SHB Cecil Nelson
|
0-0: Called Strike 0-1: Ball 1-1: SOLO HOME RUN (Line Drive, 9D, EV 103.1 MPH), Distance : 388 ft
|
Batting: RHB Vonne Navarrete
|
0-0: Called Strike 0-1: Ball 1-1: Ball 2-1: Fly out, F9 (Line Drive, 9D, EV 83.8 MPH)
|
Bottom of the 8th over - 1 run, 1 hit, 0 errors, 0 left on base; Brinkley 4 - Sunset District 2 |
TOP OF THE 9TH |
Brinkley Belugas batting - Pitching for Sunset District Fog : RHP Paco Garza
|
Pitching: RHP Benjamin Wyles
|
|
Batting: LHB Ramón Garmendia
|
0-0: Ground out 6-3 (Groundball, 6S, EV 90.0 MPH)
|
Batting: SHB Vicente Romero
|
0-0: Ball 1-0: Swinging Strike 1-1: Ground out U3 (Groundball, 34S, EV 89.4 MPH)
|
Batting: RHB Noah Bushby
|
0-0: Called Strike 0-1: SINGLE (Line Drive, 56D, EV 106.9 MPH)
|
Batting: RHB Jim MacRach
|
0-0: Called Strike 0-1: Called Strike 0-2: Strikes out swinging
|
Top of the 9th over - 0 runs, 1 hit, 0 errors, 1 left on base; Brinkley 4 - Sunset District 2 |
BOTTOM OF THE 9TH |
Sunset District Fog batting - Pitching for Brinkley Belugas : RHP De John Cleland
|
Pitching: RHP Pedro Huerta
|
|
Now at 3B: Andy Alderliesten
|
|
Batting: RHB Doug Becker
|
0-0: Called Strike 0-1: Called Strike 0-2: Ball 1-2: Foul Ball, location: 2F 1-2: Foul Ball, location: 2F 1-2: Foul Ball, location: 2F 1-2: Ball 2-2: Foul Ball, location: 2F 2-2: SOLO HOME RUN (Line Drive, 7D, EV 100.0 MPH), Distance : 391 ft
|
Pinch Hitting: LHB Armando Cedeño
|
0-0: Ball 1-0: Foul Ball, location: 2F 1-1: Ball 2-1: Fly out, F8 (Flyball, 8LM, EV 76.9 MPH)
|
Batting: RHB Stock Tonports
|
0-0: Ball 1-0: Ball 2-0: SINGLE (Groundball, 23, EV 68.8 MPH) (infield hit)
|
Batting: RHB George Hubbard
|
0-0: Swinging Strike 0-1: Called Strike 0-2: Strikes out swinging
|
Batting: RHB Michael Hughes
|
0-0: Foul Ball, location: 2F 0-1: Ball 1-1: Foul Ball, location: 2F 1-2: Ground out 4-3 (Groundball, 34, EV 108.8 MPH)
|
Bottom of the 9th over - 1 run, 2 hits, 0 errors, 1 left on base; Brinkley 4 - Sunset District 3 |
|